 Dungeon Crawl Stone Soup version 0.30-a0-219-gf2db51d15e (webtiles) character file.

Game seed: 15037138178555986972

67 Flugkiller the Cudgeller (level 4, -4/40 HPs)
             Began as a Meteoran Chaos Knight on Oct 6, 2022.
             Was a Plaything of Xom.
             Slain by an orc
             ... wielding a +0 flail
              (6 damage)
             ... on level 3 of the Dungeon.
             The game lasted 00:02:52 (807 turns).

Flugkiller the Cudgeller (Meteoran Chaos Knight)     Turns: 807, Time: 00:02:53

Health: -4/40      AC:  5    Str: 15    XL:     4   Next: 67%
Magic:  5/5        EV: 11    Int: 13    God:    Xom [*.....]
Gold:   48         SH:  0    Dex: 14    Spells: 3/3 levels left

rFire   . . .      SeeInvis +    p - +1 flail
rCold   . . .      Faith    .    (no shield)
rNeg    . . .      Spirit   .    b - +2 leather armour
rPois   .          Reflect  .    (no helmet)
rElec   .          Harm     .    (no cloak)
rCorr   .          Rampage  .    (no gloves)
Will    .....                    (no boots)
Stlth   +.........               (no amulet)
HPRegen 0.26/turn                i - ring of see invisible
MPRegen 0.09/turn                (no ring)

@: glowing
A: sense surroundings 1, otherworldly, glowing, explore regen
a: Renounce Religion


You were on level 3 of the Dungeon.
You worshipped Xom.
You were a special plaything of Xom.
You visited 1 branch of the dungeon, and saw 3 of its levels.

You collected 48 gold pieces.

Inventory:

Hand Weapons
 a - a +0 mace of chaos
 p - a +1 flail (weapon)
   (You found it on level 2 of the Dungeon)
Missiles
 k - 3 throwing nets
Armour
 b - a +2 leather armour (worn)
Jewellery
 i - a ring of see invisible (left hand)
   (You found it on level 1 of the Dungeon)
Scrolls
 f - a scroll of blinking {unknown}
 g - a scroll of magic mapping {unknown}
 h - a scroll of identify {unknown}
 j - a scroll of enchant weapon
 l - a scroll of teleportation {unknown}
 m - a scroll of vulnerability
 n - a scroll of fear {unknown}
Potions
 d - a potion of might {unknown}
 e - a potion of curing {unknown}
 o - a potion of cancellation {unknown}
Miscellaneous
 c - a piece from Xom's chessboard (14/15) (quivered)


   Skills:
 + Level 4.1 Fighting
 * Level 5.8 Maces & Flails
 - Level 2.4 Armour
 - Level 1.2 Dodging


You had 3 spell levels left.
You didn't know any spells.
Your spell library contained the following spells:

 Spells                   Type           Power      Damage    Failure   Level
 Kiss of Death            Conj/Necr      0%         2d5       36%         1
 Blink                    Tloc           0%         N/A       50%         2
 Stone Arrow              Conj/Erth      0%         3d7       75%         3
 Dispersal                Tloc           0%         N/A       100%        6
 Disjunction              Tloc           0%         N/A       100%        8


Dungeon Overview and Level Annotations

Branches:
Dungeon (3/15) Zot: 974

Altars:
Dithmenos


Innate Abilities, Weirdness & Mutations

You passively map a small area around you.
You are easily found by Zot.
You glow in the dark.
You regain HP and MP as you explore.


Message History

The jackal bites you but does no damage. x3
You closely miss the jackal. The jackal closely misses you.
The jackal bites you but does no damage.
The jackal barely misses you.
You completely miss the jackal. The jackal barely misses you.
The jackal bites you. The jackal closely misses you.
You closely miss the jackal.
The jackal bites you but does no damage.
The jackal closely misses you. The jackal bites you.
The jackal bites you but does no damage.
You hit the jackal.
The jackal is heavily wounded.
The jackal barely misses you. The jackal misses you.
You sock the jackal!
You kill the jackal!
The jackal bites you.
The jackal bites you but does no damage.
You sock the jackal!
You kill the jackal!
No target in view!
No target in view!
No target in view!
No target in view!
No target in view!
No target in view!
No target in view!
No target in view!
No target in view!
No target in view!
No target in view!
You see here a jackal corpse.
Found a stone staircase leading up.
Found a scroll labelled ZIRUAKL RODGHIF.
j - 2 scrolls labelled ZIRUAKL RODGHIF (gained 1)
You open the door.
There is an open door here.
There is an escape hatch in the floor here.
You slide downwards.
The hatch slams shut behind you.
Found 9 gold pieces and 2 throwing nets.
Found a stone staircase leading up.
As you read the scroll labelled ZIRUAKL RODGHIF, it crumbles to dust.
It is a scroll of enchant weapon.
Your +0 flail glows red for a moment.
As you read the scroll labelled LUTTUC KIORCH, it crumbles to dust.
Magic quickly surges around you.
It was a scroll of vulnerability.
Unknown command.
You now have 48 gold pieces (gained 9).
k - 3 throwing nets (gained 2)
Found a shadowy altar of Dithmenos.
An orc priest and 3 orcs come into view.
You make a move on Xom's chessboard...
The orc shouts!
The orc struggles to resist.
The orc shouts! x2
You feel your willpower return.
You make a move on Xom's chessboard...
The orc appears confused.
The orc hits the orc with a +0 club.
Xom thinks this is hilarious!
The orc hits itself with a +0 club.
The orc hits you with a +0 hand axe.
You hit the orc.
The orc is almost dead.
The orc closely misses you.
The orc priest begins to cast a cantrip, but forgets the words!
You barely miss the orc.
The orc is almost dead.
The orc hits you but does no damage.
You closely miss the orc.
The orc is almost dead.
The orc hits you but does no damage.
You closely miss the orc.
The orc is almost dead.
The orc hits you but does no damage.
You sock the orc!
You kill the orc!
You sock the orc priest!
The orc priest is heavily wounded.
The orc priest invokes the aid of Beogh against you.
Pain shoots through your body! The orc priest hits you with a +0 whip.
You hit the orc priest but do no damage.
The orc priest is heavily wounded.
The orc priest invokes the aid of Beogh against you.
Beogh smites you!
You closely miss the orc priest.
The orc priest is heavily wounded.
The orc priest barely misses you.
You hit the orc priest.
The orc priest is heavily wounded.
The orc priest invokes the aid of Beogh against you.
Beogh smites you!
* * * LOW HITPOINT WARNING * * *
You sock the orc priest!
You kill the orc priest!
Your piece from Xom's chessboard (14/15) has regained one charge.
Your Fighting skill increases to level 4!
You have reached level 4!
You hit the orc.
The orc is heavily wounded.
The orc hits you with a +0 flail.
You die...

, #.........# * #§§§§. ,,
.# #.........# , ..o.. ,,
.# #.........# , , ..o§o§
§.# #.........# §,.§.o§
§.. #.........#
§§oo..§§.# #.........#
§§§..§.# ##.........#
#§..§§#
#######..........#
#§..####.o@.............#
#....o...####.#........<#
#.....#### #.##.......##
* #.#.#... ..###.....##
*#..#.####.# #.## #######
, *#.##.# #*#.* #.*#.# *
#. .. #.# * .. * * * #.*
,, ,


You could see 2 orcs.

Vanquished Creatures
  An orc priest (D:3)
  An orc (D:3)
  5 endoplasms
  A giant cockroach (D:2)
  A goblin (D:1)
  3 hobgoblins
  3 jackals (D:2)
  4 quokkas (D:2)
  A ball python (D:2)
  2 bats (D:2)
  5 kobolds
  8 rats
35 creatures vanquished.

Notes
Turn   | Place    | Note
-------+----------+-------------------------------------------
     0 | D:1      | Flugkiller the Meteoran Chaos Knight began the quest for
                  | the Orb.
     0 | D:1      | Reached XP level 1. HP: 19/19 MP: 2/2
    22 | D:1      | XOM: divination: detect creatures
    79 | D:1      | Reached XP level 2. HP: 19/26 MP: 3/3
    91 | D:1      | Got the Volume of Hurtful Superposition
   107 | D:1      | XOM: divination: detect items
   243 | D:1      | Found a faded altar of an unknown god.
   334 | D:2      | XOM: cloud trail
   365 | D:2      | Reached XP level 3. HP: 31/31 MP: 4/4
   513 | D:2      | Reached skill level 5 in Maces & Flails
   616 | D:2      | XOM: torment (18/33 hp)
   782 | D:3      | Found a shadowy altar of Dithmenos.
   805 | D:3      | HP: 1/33 [orc priest/divine providence (11)]
   807 | D:3      | Reached XP level 4. HP: 2/40 MP: 5/5
   807 | D:3      | Slain by an orc

Illustrated notes

Levels and vault maps discovered:
D:1:      lightli_arrival_boilingwater, layout_basic,
          shapermc_ecumenical_altar_mp_highgroup
D:2:      layout_basic
D:3:      layout_rooms, nicolae_dithmenos_the_darkroom

Skill      XL: |  1  2  3 |
---------------+----------+-----
Maces & Flails | 5 |  5.8
Fighting       | 4 |  4.1
Armour         | |  2.4
Dodging        | |  1.2

Action                   |  1- 3 |  4- 6 || total
-------------------------+-------+-------++-------
Melee: Mace              |    68 |       ||    68
       Punch             |     1 |       ||     1
       Flail             |    33 |     1 ||    34
Evoke: Piece from Xom's  |     2 |       ||     2
  Use: Scroll            |     2 |       ||     2
Armor: Leather armour    |    50 |       ||    50
Dodge: Dodged            |    54 |       ||    54

Table legend: (Time is in decaauts)
 A = Elapsed time spent in this place.
 B = Non-inter-level travel time spent in this place.
 C = Inter-level travel time spent in this place.
 D = Time resting spent in this place.
 E = Time spent auto-exploring this place.
 F = Levels seen in this place.
 G = Mean time per level.
                   A        B        C        D        E       F      G
               +--------+--------+--------+--------+--------+-----+--------+
         Total |    824 |    793 |     31 |      0 |      0 |   3 |  274.7 |
       Dungeon |    824 |    793 |     31 |      0 |      0 |   3 |  274.7 |
               +--------+--------+--------+--------+--------+-----+--------+

Top non-repeatable levels by time:
     D:2: 465 daAuts
     D:1: 303 daAuts
     D:3: 55 daAuts
